 Dungeon Crawl Stone Soup version 0.29-a0-91-gdebf4667c2 (webtiles) character file.

Game seed: 15182688363916626337

81 lordive the Bolt Thrower (level 4, -1/27 HPs)
             Began as a Kobold Hunter on Feb 7, 2022.
             Slain by Robin (2 damage)
             ... on level 2 of the Dungeon.
             The game lasted 00:02:57 (2835 turns).

lordive the Bolt Thrower (Kobold Hunter)            Turns: 2835, Time: 00:02:58

Health: -1/27      AC:  5    Str:  9    XL:     4   Next: 67%
Magic:  4/4        EV: 13    Int: 14    God:
Gold:   117        SH:  0    Dex: 15    Spells: 3/3 levels left

rFire   . . .      SeeInvis .   i - +0 rapier
rCold   . . .      Faith    .   (no shield)
rNeg    . . .      Spirit   .   h - +0 ring mail
rPois   .          Reflect  .   (no helmet)
rElec   .          Harm     .   (no cloak)
rCorr   .          Rampage  .   (no gloves)
Will    .....                   (no boots)
Stlth   +++.......              (no amulet)
HPRegen 0.09/turn               (no ring)
MPRegen 0.09/turn               (no ring)

@: no status effects
A: small, no large weapons, nightstalker 3
a: no special abilities


You were on level 2 of the Dungeon.
You visited 1 branch of the dungeon, and saw 2 of its levels.

You collected 117 gold pieces.

Inventory:

Hand Weapons
 a - a +1 hand crossbow
 i - a +0 rapier (weapon)
Missiles
 d - 38 bolts
Armour
 c - a +0 leather armour
 h - a +0 ring mail (worn)
Scrolls
 b - a scroll of teleportation {unknown}
 e - a scroll of vulnerability {unknown}
 g - a scroll of silence {unknown}
 k - a scroll of identify {unknown}
Potions
 j - a potion of flight {unknown}


   Skills:
 + Level 2.4 Fighting
 + Level 2.5 Short Blades
 + Level 5.2 Crossbows
 + Level 1.1 Armour
 + Level 3.0 Dodging
 + Level 2.7 Stealth


You had 3 spell levels left.
You didn't know any spells.
Your spell library was empty.

Dungeon Overview and Level Annotations

Branches:
Dungeon (2/15)

Altars:

Annotations:
D:2 Robin


Innate Abilities, Weirdness & Mutations

You are small and have problems with some larger weapons.
You are completely attuned to the shadows.


Message History

The goblin hits you with a +3 dagger.
* * * LOW HITPOINT WARNING * * *
You hit the goblin.
You kill the goblin!
The goblin no longer looks unusually strong.
The goblin misses you.
Unknown command.
It was a potion of curing.
You feel better. The goblin hits you with a +0 dagger.
Robin hits you with a +0 dagger.
* * * LOW HITPOINT WARNING * * *
You hit Robin.
Robin is lightly wounded.
The goblin barely misses you. Robin completely misses you.
You hit Robin.
Robin is heavily wounded.
The goblin misses you. Robin hits you with a +0 dagger.
* * * LOW HITPOINT WARNING * * *
You hit Robin but do no damage.
Robin is heavily wounded.
The goblin misses you.
Robin roars a battlecry!
The goblin goes into a battle-frenzy!
You hear a shout!
You closely miss Robin.
Robin is heavily wounded.
The goblin closely misses you. Robin hits you with a +0 dagger.
* * * LOW HITPOINT WARNING * * *
The goblin closely misses you.
You hit Robin.
Robin is heavily wounded.
The goblin hits you but does no damage.
You closely miss Robin.
Robin is heavily wounded.
Robin hits you but does no damage. The goblin closely misses you.
You hit the goblin.
You kill the goblin!
Robin throws the goblin at you!
* * * LOW HITPOINT WARNING * * *
The goblin hits you but does no damage. Robin hits you with a +0 dagger.
You die...

.....##...##.# .....##...##.#
.....##...##.################
.....##...##..##............#
.....##...##..##.##########.#
#######...##..##.# #.#
#...##..##.# #.#
#######.......##g# ###.#
..............##@# #...#
........#g.g...#g# #.###
......g....##..#.# #.#
........g..###...# #.#
########...# #...# #.#
#)....#...# ##..# #.#
#.....#...####.>########.#
##.....#...'..............#
.......#...################


You could see Robin and a goblin (strong).

Vanquished Creatures
  3 adders (D:2)
  A worm (D:2)
  2 dart slugs (D:2)
  5 ball pythons
  3 endoplasms
  2 giant cockroaches
  2 hobgoblins
  2 quokkas
  6 bats
  4 frilled lizards
  12 goblins
  2 kobolds (D:1)
  6 rats
50 creatures vanquished.

Notes
Turn   | Place    | Note
-------+----------+-------------------------------------------
     0 | D:1      | lordive the Kobold Hunter began the quest for the Orb.
     0 | D:1      | Reached XP level 1. HP: 12/12 MP: 1/1
     0 | D:1      | Noticed a tentacled monstrosity
     4 | D:1      | Noticed an ice dragon
     4 | D:1      | Noticed a large abomination
     6 | D:1      | Noticed an ice dragon
     9 | D:1      | Noticed a yellow draconian
    14 | D:1      | Noticed a tentacled monstrosity
    16 | D:1      | Noticed a tentacled monstrosity
    18 | D:1      | Noticed a shadow dragon
    20 | D:1      | Noticed a tentacled monstrosity
    21 | D:1      | Noticed a purple draconian
    22 | D:1      | Noticed an orb of fire
    22 | D:1      | Noticed an ice dragon
    27 | D:1      | Noticed an ice dragon
   193 | D:1      | Reached skill level 5 in Crossbows
   422 | D:1      | Reached XP level 2. HP: 15/17 MP: 2/2
   568 | D:1      | Reached skill level 1 in Short Blades
  1129 | D:1      | Reached XP level 3. HP: 21/21 MP: 3/3
  1653 | D:2      | HP: 1/21 [frilled lizard (1)]
  2015 | D:2      | Reached XP level 4. HP: 12/27 MP: 4/4
  2666 | D:2      | Reached skill level 1 in Armour
  2727 | D:2      | Noticed Robin
  2835 | D:2      | HP: 1/27 [Robin/goblin (3)]
  2835 | D:2      | Slain by Robin

Illustrated notes

Levels and vault maps discovered:
D:1:      shiori_arrival_whats_in_store_for_you, layout_basic
D:2:      layout_basic, minmay_split_cup_large, uniq_robin

Skill      XL: |  1  2  3  4 |
---------------+-------------+-----
Crossbows      | 5 |  5.2
Short Blades   | 1 2 |  2.5
Stealth        | 2 |  2.7
Armour         | 1 |  1.1
Dodging        | 3 |  3.0
Fighting       | |  2.4

Action                   |  1- 3 |  4- 6 || total
-------------------------+-------+-------++-------
Melee: Short sword       |    99 |     6 ||   105
       Rapier            |       |    55 ||    55
  Use: Potion            |       |     1 ||     1
 Stab: Sleeping          |    14 |     2 ||    16
Armor: Leather armour    |    17 |       ||    17
       Ring mail         |       |    27 ||    27
Dodge: Dodged            |    65 |    61 ||   126

Table legend: (Time is in decaauts)
 A = Elapsed time spent in this place.
 B = Non-inter-level travel time spent in this place.
 C = Inter-level travel time spent in this place.
 D = Time resting spent in this place.
 E = Time spent auto-exploring this place.
 F = Levels seen in this place.
 G = Mean time per level.
                   A        B        C        D        E       F      G
               +--------+--------+--------+--------+--------+-----+--------+
         Total |   2841 |   2779 |     62 |    680 |   1673 |   2 | 1420.5 |
       Dungeon |   2841 |   2779 |     62 |    680 |   1673 |   2 | 1420.5 |
               +--------+--------+--------+--------+--------+-----+--------+

Top non-repeatable levels by time:
     D:1: 1471 daAuts
     D:2: 1370 daAuts
